Jets vs Blue Jackets
Created - May 22, 2023 at 22:28
Goals
|
| Jets |
0 |
1 |
1 |
2 |
| Blue Jackets |
1 |
1 |
3 |
5 |
|
Shots
|
| Jets |
13 |
13 |
8 |
34 |
| Blue Jackets |
18 |
7 |
12 |
37 |
|
1st period
1. Blue Jackets , Teuvo Teravainen 17 (Kyle Okposo 16) at 19:11 (PP)
Penalties :
Ryan Johansen (Win) for Tripping (Minor) at 1:09, Teuvo Teravainen (Clb) for Holding (Minor) at 3:51, Brent Burns (Win) for Elbowing (Minor) at 19:10, Dougie Hamilton (Win) for Interference (Minor) at 19:18
2nd period
2. Blue Jackets , Kyle Okposo 17 (Aaron Ekblad 16, PK Subban 18) at 1:54
3. Jets , Jussi Jokinen 11 (Alex Galchenyuk 48, Dougie Hamilton 36) at 8:17
Penalties :
Alex Galchenyuk (Win) for Slashing (Minor) at 5:59, Logan Couture (Clb) for Hooking (Minor) at 8:20, Sidney Crosby (Clb) for High sticking (Minor) at 13:33
3rd period
4. Blue Jackets , Sidney Crosby 40 (Teuvo Teravainen 47, Kyle Okposo 17) at 8:23 (PP)
5. Jets , Anthony Mantha 13 (Jussi Jokinen 23, Marco Scandella 21) at 10:31
6. Blue Jackets , Sidney Crosby 41 (Kyle Okposo 18, Teuvo Teravainen 48) at 16:34 (PP)
7. Blue Jackets , Travis Hamonic 6 (Kyle Okposo 19) at 17:01 (PP)
Penalties :
Anthony Mantha (Win) for Interference (Minor) at 7:59, Nick Schmaltz (Clb) for Hooking (Minor) at 10:40, Marco Scandella (Win) for Hooking (Minor) at 16:23, Anthony Mantha (Win) for Holding (Minor) at 16:52
Goalie Stats
Jacob Markstrom (Win), 32 saves from 37 shots - (0.865), L, 39-23-7, 60:00 minutes
John Gibson (Clb), 32 saves from 34 shots - (0.941), W, 29-22-4, 60:00 minutes
Players Stats for Jets
Player Name G A P +/- PIM S H SB GA TA FO MP PP MP PK MP
------------------------------------------------------------------------------------
Adam Larsson 0 0 0 1 0 1 0 0 0 0 0/0 15:38 0:00 2:19
Alex Galchenyuk 0 1 1 1 2 3 0 1 0 1 0/1 17:51 4:18 0:12
Alexander Wennberg 0 0 0 1 0 0 0 0 0 1 4/8 11:37 0:01 0:07
Anthony Mantha 1 0 1 1 4 2 2 2 0 0 0/1 15:07 0:01 3:39
Brent Burns 0 0 0 -1 2 2 0 1 1 1 0/0 18:57 3:29 0:59
Dougie Hamilton 0 1 1 2 2 2 3 2 0 1 0/0 24:16 4:27 1:31
Frank Vatrano 0 0 0 0 0 1 1 0 0 0 0/0 8:58 0:00 2:10
Jussi Jokinen 1 1 2 2 0 3 2 1 0 1 0/1 11:45 0:00 0:08
Marco Scandella 0 1 1 0 2 1 1 3 0 0 0/0 17:01 0:00 4:12
Max Domi 0 0 0 -1 0 6 0 0 1 0 1/2 17:20 3:37 0:00
Noel Acciari 0 0 0 0 0 1 0 0 0 0 0/2 8:39 0:00 1:51
Ryan Johansen 0 0 0 0 2 5 2 1 1 1 16/27 19:53 4:18 1:05
Ryan Murray 0 0 0 1 0 0 1 0 0 1 0/0 25:03 3:29 4:23
Sam Reinhart 0 0 0 0 0 0 2 0 0 0 0/0 6:43 0:01 0:00
Troy Stetcher 0 0 0 -1 0 1 0 0 1 0 0/0 19:19 4:27 0:00
Tyler Seguin 0 0 0 0 0 1 0 1 0 1 19/32 20:40 3:37 4:12
Tyler Toffoli 0 0 0 0 0 2 0 0 0 0 0/0 17:04 4:18 0:00
Viktor Arvidsson 0 0 0 -1 0 3 1 0 2 0 0/0 17:20 3:37 0:00
Players Stats for Blue Jackets
Player Name G A P +/- PIM S H SB GA TA FO MP PP MP PK MP
------------------------------------------------------------------------------------
Aaron Ekblad 0 1 1 1 0 0 1 1 0 0 0/0 20:32 2:25 2:58
Ben Hutton 0 0 0 -1 0 1 1 1 1 0 0/0 11:20 0:00 0:00
Blake Wheeler 0 0 0 0 0 1 5 1 0 0 0/0 11:40 3:00 0:00
Colton Parayko 0 0 0 -1 0 3 1 1 0 0 0/0 28:08 4:17 4:58
Fabian Brunnstrom 0 0 0 -1 0 1 3 0 4 0 1/3 19:01 3:00 3:57
Kyle Okposo 1 4 5 0 0 7 0 0 2 0 1/1 13:49 3:42 0:00
Logan Couture 0 0 0 -1 2 3 1 0 0 0 5/11 18:07 3:00 2:51
Michael Raffl 0 0 0 0 0 2 0 0 0 0 0/0 11:04 0:00 1:19
Morgan Rielly 0 0 0 -1 0 1 0 1 0 0 0/0 11:20 0:00 0:00
Nail Yakupov 0 0 0 -1 0 1 0 0 0 0 0/0 11:31 0:00 0:00
Nick Schmaltz 0 0 0 0 2 0 0 0 0 0 1/6 14:34 0:00 0:00
PK Subban 0 1 1 1 0 2 1 1 0 2 0/0 20:32 2:25 2:58
Ryan Dzingel 0 0 0 0 0 3 0 0 0 0 0/0 8:26 0:00 0:00
Ryan Kesler 0 0 0 0 0 1 1 0 0 0 7/11 10:46 0:00 0:48
Sidney Crosby 2 0 2 0 2 3 3 0 0 1 15/37 22:03 3:42 3:20
Teuvo Teravainen 1 2 3 0 2 3 0 1 0 0 1/1 22:33 3:42 3:37
Travis Hamonic 1 0 1 -1 0 4 1 4 0 3 0/0 28:08 4:17 4:58
William Karlsson 0 0 0 0 0 1 1 0 1 0 3/4 8:26 0:00 0:00
3 Stars
1 - Kyle Okposo (Clb)
2 - Sidney Crosby (Clb)
3 - Jussi Jokinen (Win)
Power Play
Jets - 0 on 4 Attempt(s) - 0.00%
Blue Jackets - 4 on 7 Attempt(s) - 57.14%
Penalty Kill
Jets - 3 on 7 Attempt(s) - 42.86%
- Score 0 goal in Penalty Kill
Blue Jackets - 4 on 4 Attempt(s) - 100.00%
- Score 0 goal in Penalty Kill
Team Stat
Jets - Hits : 15 - Faceoff Wins : 40 - Blocked Shots : 12 - Penalty Minutes : 14
Blue Jackets - Hits : 19 - Faceoff Wins : 34 - Blocked Shots : 11 - Penalty Minutes : 8
Official
Referees : Brandon Blandina and Michael Markovic
Linesman : Jesse Marquis and Steve Barton
Game Notes
10:31 of 3rd period - Jets goal is going for a video replay. After video review, Goal.
Finance
Level 1 -- Attendance: 5405 (90.08%) -- Ticket Income $540,500
Level 2 -- Attendance: 4862 (97.24%) -- Ticket Income $291,720
Level 3 -- Attendance: 2000 (100.00%) -- Ticket Income $70,000
Level 4 -- Attendance: 3966 (99.15%) -- Ticket Income $99,150
Luxury Box -- Attendance: 910 (91.00%) -- Ticket Income $182,000
Game was played at the Nationwide arena.
Total Attendance: 17143 (95.24%)
Total Ticket Income: $1,183,370
Other Income: $177,506
Total Income: $1,360,876
Jets
5 vs 5 Forward
Center Left Wing Right Wing Time % Phy DF OF
1 Tyler Seguin Alex Galchenyuk Tyler Toffoli 35 1 2 2
2 Ryan Johansen Max Domi Viktor Arvidsson 35 1 2 2
3 Alexander Wennberg Jussi Jokinen Anthony Mantha 20 1 2 2
4 Noel Acciari Frank Vatrano Sam Reinhart 10 1 2 2
5 vs 5 Defense
Defense Defense Time % Phy DF OF
1 Ryan Murray Dougie Hamilton 38 1 2 2
2 Adam Larsson Marco Scandella 31 1 2 2
3 Brent Burns Troy Stetcher 31 1 2 2
4 Ryan Murray Adam Larsson 0 1 2 2
PowerPlay Forward
Center Left Wing Right Wing Time % Phy DF OF
1 Ryan Johansen Alex Galchenyuk Tyler Toffoli 55 1 0 4
2 Tyler Seguin Max Domi Viktor Arvidsson 45 1 0 4
PowerPlay Defense
Defense Defense Time % Phy DF OF
1 Troy Stetcher Dougie Hamilton 60 0 1 4
2 Brent Burns Ryan Murray 40 0 1 4
Penalty Kill 4 Players Forward
Center Wing Time % Phy DF OF
1 Tyler Seguin Anthony Mantha 60 1 2 2
2 Noel Acciari Frank Vatrano 40 1 2 2
Penalty Kill 4 Players Defense
Defense Defense Time % Phy DF OF
1 Ryan Murray Marco Scandella 60 1 3 1
2 Dougie Hamilton Adam Larsson 40 1 3 1
Penalty Kill - 3 Players Forward
Forward Time % Phy DF OF
1 Ryan Johansen 60 0 4 1
2 Tyler Seguin 40 0 4 1
Penalty Kill - 3 Players Defense
Defense Defense Time % Phy DF OF
1 Ryan Murray Marco Scandella 60 1 4 0
2 Adam Larsson Dougie Hamilton 40 1 4 0
4 vs 4 Forward
Center Wing Time % Phy DF OF
1 Ryan Johansen Alex Galchenyuk 60 1 2 2
2 Tyler Seguin Viktor Arvidsson 40 1 2 2
4 vs 4 Defense
Defense Defense Time % Phy DF OF
1 Adam Larsson Marco Scandella 60 1 2 2
2 Dougie Hamilton Ryan Murray 40 1 2 2
Last Minutes Offensive
Center Left Wing Right Wing Defense Defense
Ryan Johansen Alex Galchenyuk Tyler Toffoli Dougie Hamilton Marco Scandella
Last Minutes Defensive
Center Left Wing Right Wing Defense Defense
Ryan Johansen Frank Vatrano Tyler Toffoli Ryan Murray Marco Scandella
Goaltenders
Starting : Jacob Markstrom
Backup : Elvis Merzlikins
Extra Forwards
Normal : Anthony Mantha, Max Domi, Sam Reinhart - PP : Alexander Wennberg, Anthony Mantha - PK : Ryan Johansen
Extra Defensemen
Normal : Dougie Hamilton, Adam Larsson, Marco Scandella - PP : Brent Burns - PK : Brent Burns, Marco Scandella
Penalty Shots
Anthony Mantha, Alex Galchenyuk, Ryan Johansen, Tyler Seguin, Alexander Wennberg
Scratches
None
Blue Jackets
5 vs 5 Forward
Center Left Wing Right Wing Time % Phy DF OF
1 Sidney Crosby Teuvo Teravainen Nick Schmaltz 40 1 2 2
2 Logan Couture Fabian Brunnstrom Nail Yakupov 30 1 2 2
3 Ryan Kesler Michael Raffl Kyle Okposo 20 1 2 2
4 William Karlsson Ryan Dzingel Blake Wheeler 10 1 2 2
5 vs 5 Defense
Defense Defense Time % Phy DF OF
1 Colton Parayko Travis Hamonic 40 1 2 2
2 Aaron Ekblad PK Subban 30 1 2 2
3 Ben Hutton Morgan Rielly 20 1 2 2
4 Colton Parayko Travis Hamonic 10 1 2 2
PowerPlay Forward
Center Left Wing Right Wing Time % Phy DF OF
1 Sidney Crosby Teuvo Teravainen Kyle Okposo 60 1 2 2
2 Logan Couture Fabian Brunnstrom Blake Wheeler 40 1 2 2
PowerPlay Defense
Defense Defense Time % Phy DF OF
1 Colton Parayko Travis Hamonic 60 1 2 2
2 Aaron Ekblad PK Subban 40 1 2 2
Penalty Kill 4 Players Forward
Center Wing Time % Phy DF OF
1 Sidney Crosby Teuvo Teravainen 60 1 2 2
2 Logan Couture Fabian Brunnstrom 40 1 2 2
Penalty Kill 4 Players Defense
Defense Defense Time % Phy DF OF
1 Colton Parayko Travis Hamonic 60 1 2 2
2 Aaron Ekblad PK Subban 40 1 2 2
Penalty Kill - 3 Players Forward
Forward Time % Phy DF OF
1 Sidney Crosby 60 1 2 2
2 Logan Couture 40 1 2 2
Penalty Kill - 3 Players Defense
Defense Defense Time % Phy DF OF
1 Colton Parayko Travis Hamonic 60 1 2 2
2 Aaron Ekblad PK Subban 40 1 2 2
4 vs 4 Forward
Center Wing Time % Phy DF OF
1 Sidney Crosby Teuvo Teravainen 60 1 2 2
2 Logan Couture Fabian Brunnstrom 40 1 2 2
4 vs 4 Defense
Defense Defense Time % Phy DF OF
1 Colton Parayko Travis Hamonic 60 1 2 2
2 Aaron Ekblad PK Subban 40 1 2 2
Last Minutes Offensive
Center Left Wing Right Wing Defense Defense
Sidney Crosby Teuvo Teravainen Kyle Okposo Colton Parayko Travis Hamonic
Last Minutes Defensive
Center Left Wing Right Wing Defense Defense
Sidney Crosby Teuvo Teravainen Kyle Okposo Colton Parayko Travis Hamonic
Goaltenders
Starting : John Gibson
Backup : Cam Talbot
Extra Forwards
Normal : Fabian Brunnstrom, Ryan Kesler, Blake Wheeler - PP : Fabian Brunnstrom, Ryan Kesler - PK : Fabian Brunnstrom
Extra Defensemen
Normal : PK Subban, Ben Hutton, Morgan Rielly - PP : PK Subban - PK : PK Subban, Ben Hutton
Penalty Shots
Sidney Crosby, Teuvo Teravainen, Kyle Okposo, Logan Couture, Fabian Brunnstrom
Scratches
Brian Ferlin (Healthy), Dmitrij Jaskin (Healthy), Ben Chiarot (Healthy)
% Time on Ice - Jets
Lines # - Real PCT - Wanted PCT - Time Play
Normal Forward
1 - 30% - 35% - 13:33
2 - 31% - 35% - 14:00
3 - 25% - 20% - 11:18
4 - 14% - 10% - 6:31
Normal Defense
1 - 39% - 38% - 17:33
2 - 31% - 31% - 14:01
3 - 30% - 31% - 13:48
4 - 0% - 0% - 0:00
PP Forward
1 - 54% - 55% - 4:19
2 - 46% - 45% - 3:37
PP Defense
1 - 56% - 60% - 4:27
2 - 44% - 40% - 3:29
PK Forward
1 - 72% - 60% - 4:51
2 - 28% - 40% - 1:51
PK Defense
1 - 65% - 60% - 4:23
2 - 35% - 40% - 2:19
PK3 Forward
1 - 0% - 60%
2 - 0% - 40%
PK3 Defense
1 - 0% - 60%
2 - 0% - 40%
44 Forward
1 - 0% - 60%
2 - 0% - 40%
44 Defense
1 - 0% - 60%
2 - 0% - 40%
Last Minute Offensive - 0:00
Last Minute Defensive - 0:00
Total
Forward - 60:00
Defense - 60:00
|
% Time on Ice - Blue Jackets
Lines # - Real PCT - Wanted PCT - Time Play
Normal Forward
1 - 34% - 40% - 15:26
2 - 26% - 30% - 11:45
3 - 21% - 20% - 9:45
4 - 19% - 10% - 8:26
Normal Defense
1 - 39% - 40% - 17:45
2 - 33% - 30% - 15:09
3 - 25% - 20% - 11:20
4 - 2% - 10% - 1:08
PP Forward
1 - 55% - 60% - 3:42
2 - 45% - 40% - 3:00
PP Defense
1 - 64% - 60% - 4:17
2 - 36% - 40% - 2:25
PK Forward
1 - 84% - 60% - 6:38
2 - 16% - 40% - 1:18
PK Defense
1 - 63% - 60% - 4:58
2 - 37% - 40% - 2:58
PK3 Forward
1 - 0% - 60%
2 - 0% - 40%
PK3 Defense
1 - 0% - 60%
2 - 0% - 40%
44 Forward
1 - 0% - 60%
2 - 0% - 40%
44 Defense
1 - 0% - 60%
2 - 0% - 40%
Last Minute Offensive - 0:00
Last Minute Defensive - 0:00
Total
Forward - 60:00
Defense - 60:00
|
Play-by-Play
1st period
0:01 of 1st period - Tyler Seguin wins face-off versus Sidney Crosby in neutral zone.
0:26 of 1st period - Colton Parayko is hit by Jussi Jokinen and loses puck.
0:53 of 1st period - Wrist shot by Logan Couture.
0:53 of 1st period - Stopped by Jacob Markstrom with a rebound.
0:55 of 1st period - Snap shot by Colton Parayko.
0:55 of 1st period - Stopped by Jacob Markstrom with a rebound.
1:09 of 1st period - Minor Penalty to Ryan Johansen for Tripping.
1:10 of 1st period - Tyler Seguin wins face-off versus Logan Couture in Jets zone.
1:10 of 1st period - Tyler Seguin is hit by Logan Couture.
1:18 of 1st period - Slapshot by PK Subban.
1:18 of 1st period - Shot Misses the Net.
1:20 of 1st period - Snap shot by Logan Couture.
1:20 of 1st period - Shot Misses the Net.
1:22 of 1st period - Snap shot by Blake Wheeler.
1:22 of 1st period - Stopped by Jacob Markstrom without a rebound.
1:23 of 1st period - Sidney Crosby wins face-off versus Tyler Seguin in Jets zone.
3:09 of 1st period - Penalty to Ryan Johansen is over, Ryan Johansen is back on ice.
3:18 of 1st period - Dougie Hamilton is hit by PK Subban and loses puck.
3:33 of 1st period - Snap shot by Max Domi.
3:33 of 1st period - Shot Blocked by Ben Hutton.
3:35 of 1st period - Slapshot by Max Domi.
3:35 of 1st period - Stopped by John Gibson without a rebound.
3:36 of 1st period - Max Domi wins face-off versus Nick Schmaltz in Blue Jackets zone.
3:37 of 1st period - Snap shot by Ryan Johansen.
3:37 of 1st period - Stopped by John Gibson with a rebound.
3:39 of 1st period - Slapshot by Brent Burns.
3:39 of 1st period - Stopped by John Gibson without a rebound.
3:40 of 1st period - Tyler Seguin wins face-off versus Sidney Crosby in Blue Jackets zone.
3:45 of 1st period - Snap shot by Tyler Seguin.
3:45 of 1st period - Deflect By Alex Galchenyuk.
3:45 of 1st period - Stopped by John Gibson without a rebound.
3:46 of 1st period - Tyler Seguin wins face-off versus Sidney Crosby in Blue Jackets zone.
3:49 of 1st period - Snap shot by Alex Galchenyuk.
3:49 of 1st period - Shot Misses the Net.
3:51 of 1st period - Minor Penalty to Teuvo Teravainen for Holding.
3:52 of 1st period - Fabian Brunnstrom wins face-off versus Ryan Johansen in Blue Jackets zone.
4:03 of 1st period - Snap shot by Ryan Johansen.
4:03 of 1st period - Stopped by John Gibson with a rebound.
5:51 of 1st period - Penalty to Teuvo Teravainen is over, Teuvo Teravainen is back on ice.
6:32 of 1st period - Slapshot by Brent Burns.
6:32 of 1st period - Stopped by John Gibson without a rebound.
6:33 of 1st period - William Karlsson wins face-off versus Noel Acciari in Blue Jackets zone.
6:33 of 1st period - William Karlsson is hit by Sam Reinhart.
6:59 of 1st period - Frank Vatrano is hit by Aaron Ekblad and loses puck.
7:04 of 1st period - Wrist shot by Kyle Okposo.
7:04 of 1st period - Stopped by Jacob Markstrom without a rebound.
7:05 of 1st period - Ryan Kesler wins face-off versus Tyler Seguin in Jets zone.
7:08 of 1st period - Wrist shot by Kyle Okposo.
7:08 of 1st period - Shot Misses the Net.
7:10 of 1st period - Snap shot by Michael Raffl.
7:10 of 1st period - Stopped by Jacob Markstrom with a rebound.
7:34 of 1st period - Slapshot by Kyle Okposo.
7:34 of 1st period - Shot Misses the Net.
7:36 of 1st period - Slapshot by Travis Hamonic.
7:36 of 1st period - Shot Misses the Net.
7:38 of 1st period - Wrist shot by Michael Raffl.
7:38 of 1st period - Stopped by Jacob Markstrom without a rebound.
7:39 of 1st period - Logan Couture wins face-off versus Tyler Seguin in Jets zone.
7:50 of 1st period - Snap shot by Tyler Toffoli.
7:50 of 1st period - Stopped by John Gibson without a rebound.
7:51 of 1st period - Sidney Crosby wins face-off versus Tyler Seguin in Blue Jackets zone.
8:07 of 1st period - Slapshot by Sidney Crosby.
8:07 of 1st period - Shot Blocked by Alex Galchenyuk.
8:48 of 1st period - Snap shot by Ryan Dzingel.
8:48 of 1st period - Stopped by Jacob Markstrom with a rebound.
8:50 of 1st period - Snap shot by Blake Wheeler.
8:50 of 1st period - Shot Misses the Net.
8:52 of 1st period - Snap shot by Morgan Rielly.
8:52 of 1st period - Deflect By Viktor Arvidsson.
8:52 of 1st period - Stopped by Jacob Markstrom with a rebound.
9:27 of 1st period - Snap shot by Sidney Crosby.
9:27 of 1st period - Stopped by Jacob Markstrom with a rebound.
9:29 of 1st period - Wrist shot by Teuvo Teravainen.
9:29 of 1st period - Shot Misses the Net.
9:31 of 1st period - Wrist shot by Teuvo Teravainen.
9:31 of 1st period - Shot Blocked by Tyler Seguin.
10:12 of 1st period - Slapshot by Anthony Mantha.
10:12 of 1st period - Stopped by John Gibson without a rebound.
10:13 of 1st period - William Karlsson wins face-off versus Alexander Wennberg in Blue Jackets zone.
10:13 of 1st period - William Karlsson is hit by Marco Scandella.
10:35 of 1st period - Slapshot by Ryan Dzingel.
10:35 of 1st period - Shot Blocked by Anthony Mantha.
10:37 of 1st period - Slapshot by Colton Parayko.
10:37 of 1st period - Deflect By Ryan Dzingel.
10:37 of 1st period - Stopped by Jacob Markstrom with a rebound.
10:39 of 1st period - Wrist shot by Travis Hamonic.
10:39 of 1st period - Shot Blocked by Marco Scandella.
10:41 of 1st period - Snap shot by Blake Wheeler.
10:41 of 1st period - Shot Blocked by Anthony Mantha.
10:43 of 1st period - Slapshot by Colton Parayko.
10:43 of 1st period - Shot Blocked by Jussi Jokinen.
10:45 of 1st period - Backhand shot by Colton Parayko.
10:45 of 1st period - Shot Misses the Net.
11:24 of 1st period - Anthony Mantha is hit by Blake Wheeler and loses puck.
11:29 of 1st period - Snap shot by Blake Wheeler.
11:29 of 1st period - Shot Misses the Net.
12:25 of 1st period - Wrist shot by William Karlsson.
12:25 of 1st period - Shot Blocked by Marco Scandella.
12:27 of 1st period - Wrist shot by Ben Hutton.
12:27 of 1st period - Stopped by Jacob Markstrom without a rebound.
12:28 of 1st period - Sidney Crosby wins face-off versus Tyler Seguin in Jets zone.
12:29 of 1st period - Wrist shot by Teuvo Teravainen.
12:29 of 1st period - Shot Blocked by Dougie Hamilton.
12:31 of 1st period - Snap shot by Sidney Crosby.
12:31 of 1st period - Shot Hit the Post.
12:33 of 1st period - Slapshot by Travis Hamonic.
12:33 of 1st period - Stopped by Jacob Markstrom without a rebound.
12:34 of 1st period - Tyler Seguin wins face-off versus Sidney Crosby in Jets zone.
13:21 of 1st period - Wrist shot by Kyle Okposo.
13:21 of 1st period - Stopped by Jacob Markstrom with a rebound.
13:35 of 1st period - Snap shot by Noel Acciari.
13:35 of 1st period - Stopped by John Gibson without a rebound.
13:36 of 1st period - Tyler Seguin wins face-off versus Sidney Crosby in Blue Jackets zone.
13:43 of 1st period - Wrist shot by Tyler Seguin.
13:43 of 1st period - Stopped by John Gibson with a rebound.
13:45 of 1st period - Wrist shot by Alex Galchenyuk.
13:45 of 1st period - Stopped by John Gibson with a rebound.
13:47 of 1st period - Slapshot by Tyler Seguin.
13:47 of 1st period - Shot Misses the Net.
13:49 of 1st period - Snap shot by Tyler Toffoli.
13:49 of 1st period - Stopped by John Gibson without a rebound.
13:50 of 1st period - Sidney Crosby wins face-off versus Ryan Johansen in Blue Jackets zone.
13:50 of 1st period - Sidney Crosby is hit by Ryan Johansen.
14:17 of 1st period - Off-side.
14:18 of 1st period - Tyler Seguin wins face-off versus Logan Couture in neutral zone.
15:39 of 1st period - Snap shot by Fabian Brunnstrom.
15:39 of 1st period - Shot Hit the Post.
15:47 of 1st period - Snap shot by Fabian Brunnstrom.
15:47 of 1st period - Stopped by Jacob Markstrom without a rebound.
15:48 of 1st period - Ryan Johansen wins face-off versus Sidney Crosby in Jets zone.
15:48 of 1st period - Ryan Johansen is hit by Sidney Crosby.
16:20 of 1st period - Slapshot by Marco Scandella.
16:20 of 1st period - Stopped by John Gibson without a rebound.
16:21 of 1st period - Ryan Kesler wins face-off versus Noel Acciari in Blue Jackets zone.
17:08 of 1st period - Snap shot by Ryan Dzingel.
17:08 of 1st period - Stopped by Jacob Markstrom with a rebound.
17:10 of 1st period - Snap shot by PK Subban.
17:10 of 1st period - Stopped by Jacob Markstrom without a rebound.
17:11 of 1st period - Ryan Johansen wins face-off versus William Karlsson in Jets zone.
17:16 of 1st period - Viktor Arvidsson is hit by Blake Wheeler and loses puck.
18:15 of 1st period - Slapshot by Travis Hamonic.
18:15 of 1st period - Stopped by Jacob Markstrom with a rebound.
18:49 of 1st period - Slapshot by Jussi Jokinen.
18:49 of 1st period - Deflect By Alexander Wennberg.
18:49 of 1st period - Shot Blocked by Aaron Ekblad.
18:49 of 1st period - Puck is out of play.
18:50 of 1st period - Alexander Wennberg wins face-off versus Sidney Crosby in Blue Jackets zone.
18:55 of 1st period - Wrist shot by Alexander Wennberg.
18:55 of 1st period - Deflect By Sidney Crosby.
18:55 of 1st period - Shot Misses the Net.
18:55 of 1st period - Puck is out of play.
18:56 of 1st period - Sidney Crosby wins face-off versus Ryan Johansen in Blue Jackets zone.
19:10 of 1st period - Minor Penalty to Brent Burns for Elbowing.
19:11 of 1st period - Kyle Okposo wins face-off versus Tyler Seguin in Jets zone.
19:11 of 1st period - Snap shot by Teuvo Teravainen.
19:11 of 1st period - Goal by Teuvo Teravainen - Jets : 0 - Blue Jackets : 1.
19:12 of 1st period - Ryan Johansen wins face-off versus Sidney Crosby in neutral zone.
19:18 of 1st period - Minor Penalty to Dougie Hamilton for Interference.
19:19 of 1st period - Sidney Crosby wins face-off versus Anthony Mantha in Jets zone.
19:23 of 1st period - Wrist shot by Sidney Crosby.
19:23 of 1st period - Shot Misses the Net.
19:45 of 1st period - Marco Scandella is hit by Blake Wheeler and loses puck.
Goals for this period are 0 for Jets vs 1 for Blue Jackets.
Shots for this period are 13 for Jets vs 18 for Blue Jackets.
2nd period
0:01 of 2nd period - Tyler Seguin wins face-off versus Sidney Crosby in neutral zone.
0:43 of 2nd period - Brent Burns is hit by Fabian Brunnstrom and loses puck.
1:18 of 2nd period - Penalty to Dougie Hamilton is over, Dougie Hamilton is back on ice.
1:34 of 2nd period - Snap shot by Ryan Johansen.
1:34 of 2nd period - Stopped by John Gibson without a rebound.
1:35 of 2nd period - Ryan Johansen wins face-off versus Ryan Kesler in Blue Jackets zone.
1:40 of 2nd period - Snap shot by Ryan Johansen.
1:40 of 2nd period - Stopped by John Gibson without a rebound.
1:41 of 2nd period - Ryan Kesler wins face-off versus Max Domi in Blue Jackets zone.
1:48 of 2nd period - Snap shot by PK Subban.
1:48 of 2nd period - Shot Misses the Net.
1:50 of 2nd period - Snap shot by Kyle Okposo.
1:50 of 2nd period - Shot Misses the Net.
1:52 of 2nd period - Slapshot by Aaron Ekblad.
1:52 of 2nd period - Shot Misses the Net.
1:54 of 2nd period - Wrist shot by Kyle Okposo.
1:54 of 2nd period - Goal by Kyle Okposo - Jets : 0 - Blue Jackets : 2.
1:55 of 2nd period - Tyler Seguin wins face-off versus Sidney Crosby in neutral zone.
2:44 of 2nd period - Off-side.
2:45 of 2nd period - Alexander Wennberg wins face-off versus Ryan Kesler in neutral zone.
4:21 of 2nd period - Aaron Ekblad is hit by Dougie Hamilton.
4:33 of 2nd period - Alexander Wennberg is hit by Blake Wheeler and loses puck.
4:40 of 2nd period - Slapshot by Adam Larsson.
4:40 of 2nd period - Deflect By Blake Wheeler.
4:40 of 2nd period - Stopped by John Gibson without a rebound.
4:41 of 2nd period - Ryan Johansen wins face-off versus Nick Schmaltz in Blue Jackets zone.
4:42 of 2nd period - Backhand shot by Viktor Arvidsson.
4:42 of 2nd period - Deflect By Ryan Johansen.
4:42 of 2nd period - Shot Blocked by Travis Hamonic.
4:42 of 2nd period - Puck is out of play.
4:43 of 2nd period - Ryan Johansen wins face-off versus Nick Schmaltz in Blue Jackets zone.
4:46 of 2nd period - Wrist shot by Max Domi.
4:46 of 2nd period - Shot Blocked by Travis Hamonic.
4:56 of 2nd period - Slapshot by Travis Hamonic.
4:56 of 2nd period - Shot Misses the Net.
4:58 of 2nd period - Snap shot by Teuvo Teravainen.
4:58 of 2nd period - Deflect By Sidney Crosby.
4:58 of 2nd period - Shot Blocked by Ryan Johansen.
4:58 of 2nd period - Puck is out of play.
4:59 of 2nd period - Logan Couture wins face-off versus Tyler Seguin in Jets zone.
5:04 of 2nd period - Slapshot by Logan Couture.
5:04 of 2nd period - Stopped by Jacob Markstrom with a rebound.
5:06 of 2nd period - Snap shot by Logan Couture.
5:06 of 2nd period - Stopped by Jacob Markstrom with a rebound.
5:08 of 2nd period - Slapshot by Travis Hamonic.
5:08 of 2nd period - Shot Misses the Net.
5:12 of 2nd period - Wrist shot by Nail Yakupov.
5:12 of 2nd period - Stopped by Jacob Markstrom without a rebound.
5:13 of 2nd period - Ryan Johansen wins face-off versus Sidney Crosby in Jets zone.
5:51 of 2nd period - Snap shot by Fabian Brunnstrom.
5:51 of 2nd period - Shot Blocked by Brent Burns.
5:53 of 2nd period - Slapshot by Travis Hamonic.
5:53 of 2nd period - Shot Misses the Net.
5:59 of 2nd period - Minor Penalty to Alex Galchenyuk for Slashing.
6:00 of 2nd period - Sidney Crosby wins face-off versus Tyler Seguin in Jets zone.
6:52 of 2nd period - Anthony Mantha is hit by Colton Parayko and loses puck.
7:54 of 2nd period - Sidney Crosby is hit by Jussi Jokinen and loses puck.
7:59 of 2nd period - Penalty to Alex Galchenyuk is over, Alex Galchenyuk is back on ice.
8:03 of 2nd period - Icing by Jussi Jokinen.
8:04 of 2nd period - Logan Couture wins face-off versus Ryan Johansen in Jets zone.
8:15 of 2nd period - Slapshot by Jussi Jokinen.
8:15 of 2nd period - Stopped by John Gibson with a rebound.
8:17 of 2nd period - Slapshot by Jussi Jokinen.
8:17 of 2nd period - Goal by Jussi Jokinen - Jets : 1 - Blue Jackets : 2.
8:18 of 2nd period - Logan Couture wins face-off versus Ryan Johansen in neutral zone.
8:20 of 2nd period - Minor Penalty to Logan Couture for Hooking.
8:21 of 2nd period - Sidney Crosby wins face-off versus Ryan Johansen in Blue Jackets zone.
8:29 of 2nd period - Slapshot by Ryan Johansen.
8:29 of 2nd period - Deflect By Alex Galchenyuk.
8:29 of 2nd period - Shot Misses the Net.
8:29 of 2nd period - Puck is out of play.
8:30 of 2nd period - Ryan Johansen wins face-off versus Sidney Crosby in Blue Jackets zone.
8:31 of 2nd period - Slapshot by Tyler Toffoli.
8:31 of 2nd period - Deflect By Ryan Johansen.
8:31 of 2nd period - Shot Blocked by Teuvo Teravainen.
8:31 of 2nd period - Puck is out of play.
8:32 of 2nd period - Sidney Crosby wins face-off versus Ryan Johansen in Blue Jackets zone.
9:12 of 2nd period - Wrist shot by Max Domi.
9:12 of 2nd period - Stopped by John Gibson without a rebound.
9:13 of 2nd period - Ryan Johansen wins face-off versus Sidney Crosby in Blue Jackets zone.
10:20 of 2nd period - Penalty to Logan Couture is over, Logan Couture is back on ice.
10:40 of 2nd period - Off-side.
10:41 of 2nd period - Ryan Kesler wins face-off versus Alexander Wennberg in neutral zone.
11:08 of 2nd period - Ryan Johansen is hit by Fabian Brunnstrom and loses puck.
11:36 of 2nd period - Snap shot by Tyler Seguin.
11:36 of 2nd period - Shot Misses the Net.
12:03 of 2nd period - Off-side.
12:04 of 2nd period - Alexander Wennberg wins face-off versus Logan Couture in neutral zone.
12:19 of 2nd period - Snap shot by Anthony Mantha.
12:19 of 2nd period - Shot Misses the Net.
12:21 of 2nd period - Snap shot by Jussi Jokinen.
12:21 of 2nd period - Shot Misses the Net.
13:20 of 2nd period - Slapshot by Troy Stetcher.
13:20 of 2nd period - Stopped by John Gibson without a rebound.
13:21 of 2nd period - Nick Schmaltz wins face-off versus Tyler Seguin in Blue Jackets zone.
13:33 of 2nd period - Minor Penalty to Sidney Crosby for High sticking.
13:34 of 2nd period - Ryan Johansen wins face-off versus Fabian Brunnstrom in Blue Jackets zone.
14:10 of 2nd period - Slapshot by Viktor Arvidsson.
14:10 of 2nd period - Stopped by John Gibson without a rebound.
14:11 of 2nd period - Tyler Seguin wins face-off versus Logan Couture in Blue Jackets zone.
14:28 of 2nd period - Snap shot by Viktor Arvidsson.
14:28 of 2nd period - Stopped by John Gibson without a rebound.
14:29 of 2nd period - Ryan Johansen wins face-off versus Fabian Brunnstrom in Blue Jackets zone.
15:33 of 2nd period - Penalty to Sidney Crosby is over, Sidney Crosby is back on ice.
15:48 of 2nd period - Slapshot by Aaron Ekblad.
15:48 of 2nd period - Shot Blocked by Dougie Hamilton.
16:18 of 2nd period - Snap shot by Viktor Arvidsson.
16:18 of 2nd period - Shot Blocked by Morgan Rielly.
16:20 of 2nd period - Snap shot by Max Domi.
16:20 of 2nd period - Deflect By Teuvo Teravainen.
16:20 of 2nd period - Stopped by John Gibson without a rebound.
16:21 of 2nd period - Ryan Johansen wins face-off versus Nick Schmaltz in Blue Jackets zone.
17:03 of 2nd period - Snap shot by Ryan Johansen.
17:03 of 2nd period - Stopped by John Gibson with a rebound.
17:05 of 2nd period - Slapshot by Marco Scandella.
17:05 of 2nd period - Shot Misses the Net.
17:21 of 2nd period - Slapshot by Max Domi.
17:21 of 2nd period - Stopped by John Gibson without a rebound.
17:22 of 2nd period - Logan Couture wins face-off versus Tyler Seguin in Blue Jackets zone.
17:49 of 2nd period - Ryan Murray is hit by Ryan Kesler and loses puck.
18:00 of 2nd period - Slapshot by Ryan Kesler.
18:00 of 2nd period - Stopped by Jacob Markstrom without a rebound.
18:01 of 2nd period - Ryan Kesler wins face-off versus Alex Galchenyuk in Jets zone.
18:02 of 2nd period - Wrist shot by Kyle Okposo.
18:02 of 2nd period - Stopped by Jacob Markstrom without a rebound.
18:03 of 2nd period - Tyler Seguin wins face-off versus Ryan Kesler in Jets zone.
18:18 of 2nd period - Backhand shot by Alex Galchenyuk.
18:18 of 2nd period - Stopped by John Gibson without a rebound.
18:19 of 2nd period - Ryan Johansen wins face-off versus Sidney Crosby in Blue Jackets zone.
18:34 of 2nd period - Slapshot by Colton Parayko.
18:34 of 2nd period - Stopped by Jacob Markstrom with a rebound.
19:14 of 2nd period - Kyle Okposo is hit by Anthony Mantha.
19:36 of 2nd period - Slapshot by Troy Stetcher.
19:36 of 2nd period - Shot Blocked by Blake Wheeler.
19:52 of 2nd period - Wrist shot by Viktor Arvidsson.
19:52 of 2nd period - Shot Blocked by PK Subban.
Goals for this period are 1 for Jets vs 1 for Blue Jackets.
Shots for this period are 13 for Jets vs 7 for Blue Jackets.
3rd period
0:01 of 3rd period - Sidney Crosby wins face-off versus Tyler Seguin in neutral zone.
0:04 of 3rd period - Slapshot by Travis Hamonic.
0:04 of 3rd period - Stopped by Jacob Markstrom without a rebound.
0:05 of 3rd period - Tyler Seguin wins face-off versus Sidney Crosby in Jets zone.
0:16 of 3rd period - Wrist shot by Teuvo Teravainen.
0:16 of 3rd period - Shot Misses the Net.
0:18 of 3rd period - Slapshot by Colton Parayko.
0:18 of 3rd period - Deflect By Tyler Seguin.
0:18 of 3rd period - Stopped by Jacob Markstrom without a rebound.
0:19 of 3rd period - Sidney Crosby wins face-off versus Ryan Johansen in Jets zone.
0:46 of 3rd period - Nail Yakupov is hit by Dougie Hamilton and loses puck.
1:07 of 3rd period - Ryan Kesler is hit by Anthony Mantha and loses puck.
1:34 of 3rd period - PK Subban is hit by Dougie Hamilton and loses puck.
2:01 of 3rd period - Wrist shot by Max Domi.
2:01 of 3rd period - Deflect By Nick Schmaltz.
2:01 of 3rd period - Shot Misses the Net.
2:01 of 3rd period - Puck is out of play.
2:02 of 3rd period - Tyler Seguin wins face-off versus Logan Couture in Blue Jackets zone.
2:29 of 3rd period - Viktor Arvidsson is hit by Sidney Crosby and loses puck.
2:40 of 3rd period - Sidney Crosby is hit by Viktor Arvidsson and loses puck.
2:59 of 3rd period - Wrist shot by Ryan Kesler.
2:59 of 3rd period - Shot Misses the Net.
3:01 of 3rd period - Snap shot by Kyle Okposo.
3:01 of 3rd period - Stopped by Jacob Markstrom with a rebound.
3:35 of 3rd period - Icing by Jussi Jokinen.
3:36 of 3rd period - William Karlsson wins face-off versus Alexander Wennberg in Jets zone.
3:43 of 3rd period - PK Subban is hit by Ryan Murray and loses puck.
3:50 of 3rd period - Slapshot by Alexander Wennberg.
3:50 of 3rd period - Shot Misses the Net.
3:52 of 3rd period - Snap shot by Dougie Hamilton.
3:52 of 3rd period - Stopped by John Gibson with a rebound.
4:04 of 3rd period - Slapshot by PK Subban.
4:04 of 3rd period - Stopped by Jacob Markstrom without a rebound.
4:05 of 3rd period - Tyler Seguin wins face-off versus Sidney Crosby in Jets zone.
4:05 of 3rd period - Troy Stetcher is hit by Travis Hamonic and loses puck.
5:14 of 3rd period - Tyler Toffoli is hit by Blake Wheeler and loses puck.
5:37 of 3rd period - Snap shot by Teuvo Teravainen.
5:37 of 3rd period - Shot Misses the Net.
5:39 of 3rd period - Snap shot by Teuvo Teravainen.
5:39 of 3rd period - Stopped by Jacob Markstrom without a rebound.
5:40 of 3rd period - Sidney Crosby wins face-off versus Ryan Johansen in Jets zone.
6:12 of 3rd period - Snap shot by Nail Yakupov.
6:12 of 3rd period - Shot Blocked by Marco Scandella.
6:38 of 3rd period - PK Subban is hit by Frank Vatrano and loses puck.
6:59 of 3rd period - Slapshot by William Karlsson.
6:59 of 3rd period - Stopped by Jacob Markstrom without a rebound.
7:00 of 3rd period - Tyler Seguin wins face-off versus Sidney Crosby in Jets zone.
7:59 of 3rd period - Minor Penalty to Anthony Mantha for Interference.
8:00 of 3rd period - Tyler Seguin wins face-off versus Sidney Crosby in Jets zone.
8:05 of 3rd period - Icing by Teuvo Teravainen.
8:06 of 3rd period - Sidney Crosby wins face-off versus Tyler Seguin in Blue Jackets zone.
8:23 of 3rd period - Wrist shot by Sidney Crosby.
8:23 of 3rd period - Goal by Sidney Crosby - Jets : 1 - Blue Jackets : 3.
8:24 of 3rd period - Sidney Crosby wins face-off versus Tyler Seguin in neutral zone.
8:33 of 3rd period - Snap shot by Tyler Toffoli.
8:33 of 3rd period - Shot Blocked by Travis Hamonic.
9:41 of 3rd period - Wrist shot by Frank Vatrano.
9:41 of 3rd period - Stopped by John Gibson without a rebound.
9:42 of 3rd period - Ryan Johansen wins face-off versus Sidney Crosby in Blue Jackets zone.
9:45 of 3rd period - Wrist shot by Viktor Arvidsson.
9:45 of 3rd period - Shot Misses the Net.
9:47 of 3rd period - Wrist shot by Viktor Arvidsson.
9:47 of 3rd period - Stopped by John Gibson with a rebound.
10:29 of 3rd period - Slapshot by Jussi Jokinen.
10:29 of 3rd period - Stopped by John Gibson with a rebound.
10:31 of 3rd period - Wrist shot by Anthony Mantha.
10:31 of 3rd period - Jets goal is going for a video replay.
10:31 of 3rd period - The goal is good.
10:31 of 3rd period - Goal by Anthony Mantha - Jets : 2 - Blue Jackets : 3.
10:32 of 3rd period - Ryan Johansen wins face-off versus Sidney Crosby in neutral zone.
10:40 of 3rd period - Minor Penalty to Nick Schmaltz for Hooking.
10:41 of 3rd period - Teuvo Teravainen wins face-off versus Ryan Johansen in Blue Jackets zone.
10:41 of 3rd period - Teuvo Teravainen is hit by Ryan Johansen.
12:06 of 3rd period - Max Domi is hit by Fabian Brunnstrom.
12:40 of 3rd period - Penalty to Nick Schmaltz is over, Nick Schmaltz is back on ice.
12:44 of 3rd period - PK Subban is hit by Sam Reinhart and loses puck.
12:50 of 3rd period - Off-side.
12:51 of 3rd period - Ryan Kesler wins face-off versus Jussi Jokinen in neutral zone.
13:18 of 3rd period - Wrist shot by Nick Schmaltz.
13:18 of 3rd period - Shot Misses the Net.
13:34 of 3rd period - Snap shot by Tyler Seguin.
13:34 of 3rd period - Shot Blocked by Travis Hamonic.
14:03 of 3rd period - Snap shot by Viktor Arvidsson.
14:03 of 3rd period - Shot Misses the Net.
14:17 of 3rd period - Slapshot by Teuvo Teravainen.
14:17 of 3rd period - Stopped by Jacob Markstrom with a rebound.
14:45 of 3rd period - Snap shot by Kyle Okposo.
14:45 of 3rd period - Stopped by Jacob Markstrom with a rebound.
15:57 of 3rd period - Alexander Wennberg is hit by Ben Hutton and loses puck.
16:23 of 3rd period - Minor Penalty to Marco Scandella for Hooking.
16:24 of 3rd period - Tyler Seguin wins face-off versus Sidney Crosby in Jets zone.
16:32 of 3rd period - Snap shot by Kyle Okposo.
16:32 of 3rd period - Stopped by Jacob Markstrom with a rebound.
16:34 of 3rd period - Wrist shot by Sidney Crosby.
16:34 of 3rd period - Goal by Sidney Crosby - Jets : 2 - Blue Jackets : 4.
16:35 of 3rd period - Alexander Wennberg wins face-off versus Ryan Kesler in neutral zone.
16:43 of 3rd period - Off-side.
16:44 of 3rd period - Ryan Kesler wins face-off versus Alexander Wennberg in neutral zone.
16:52 of 3rd period - Minor Penalty to Anthony Mantha for Holding.
16:53 of 3rd period - Tyler Seguin wins face-off versus Sidney Crosby in Jets zone.
17:01 of 3rd period - Slapshot by Travis Hamonic.
17:01 of 3rd period - Goal by Travis Hamonic - Jets : 2 - Blue Jackets : 5.
17:02 of 3rd period - Ryan Johansen wins face-off versus Nick Schmaltz in neutral zone.
17:07 of 3rd period - Wrist shot by Max Domi.
17:07 of 3rd period - Shot Blocked by Colton Parayko.
17:09 of 3rd period - Snap shot by Max Domi.
17:09 of 3rd period - Stopped by John Gibson without a rebound.
17:10 of 3rd period - Sidney Crosby wins face-off versus Ryan Johansen in Blue Jackets zone.
17:15 of 3rd period - Ryan Johansen is hit by Sidney Crosby and loses puck.
18:12 of 3rd period - Wrist shot by Viktor Arvidsson.
18:12 of 3rd period - Shot Misses the Net.
18:14 of 3rd period - Wrist shot by Ryan Johansen.
18:14 of 3rd period - Shot Misses the Net.
18:16 of 3rd period - Slapshot by Dougie Hamilton.
18:16 of 3rd period - Stopped by John Gibson with a rebound.
18:18 of 3rd period - Slapshot by Max Domi.
18:18 of 3rd period - Stopped by John Gibson with a rebound.
18:20 of 3rd period - Snap shot by Max Domi.
18:20 of 3rd period - Deflect By Sidney Crosby.
18:20 of 3rd period - Shot Misses the Net.
18:20 of 3rd period - Puck is out of play.
18:21 of 3rd period - Tyler Seguin wins face-off versus Logan Couture in Blue Jackets zone.
19:26 of 3rd period - Sam Reinhart is hit by William Karlsson and loses puck.
Goals for this period are 1 for Jets vs 3 for Blue Jackets.
Shots for this period are 8 for Jets vs 12 for Blue Jackets.